 Dungeon Crawl Stone Soup version 0.30-a0-859-gf88a04b62d (console) character file.

Game seed: 12586666857726121301

37974 petzl the Covert (level 14, -14/110 HPs)
             Began as a Formicid Delver on Mar 6, 2023.
             Was an Elder of Vehumet.
             Demolished by an ettin
             ... wielding a +0 dire flail of holy wrath
              (29 damage)
             ... on level 1 of the Orcish Mines on Mar 7, 2023.
             The game lasted 03:18:44 (26168 turns).

petzl the Covert (Formicid Delver)                 Turns: 26168, Time: 03:18:45

Health: -14/110    AC: 13    Str: 16    XL:     14   Next: 31%
Magic:  29/29      EV: 10    Int: 16    God:    Vehumet [****..]
Gold:   38         SH:  0    Dex: 15    Spells: 18/35 levels left

rFire   + . .      SeeInvis +    c - +2 dagger (venom) {!f =f}
rCold   . . .      Faith    .    (no shield)
rNeg    . . .      Spirit   .    D - +2 scale mail {rF+}
rPois   +          Reflect  .    (helmet unavailable)
rElec   .          Rampage  .    T - +1 cloak
rCorr   .                        v - +0 pair of gloves
Will    +....                    P - +0 pair of boots
Stlth   ++++                     H - amulet of regeneration
HPRegen 1.18/turn                g - ring of wizardry
MPRegen 0.21/turn                G - ring of poison resistance

@: silenced
A: permanent stasis, dig shafts and tunnels, antennae 3, four strong arms
a: Dig, Shaft Self, Renounce Religion


You were on level 1 of the Orcish Mines.
You worshipped Vehumet.
Vehumet was greatly pleased with you.
You visited 6 branches of the dungeon, and saw 25 of its levels.

You collected 1991 gold pieces.
You spent 1953 gold pieces at shops.

Inventory:

Hand Weapons
 a - the +6 mace of the Iron City of Dis {flame, Stlth+}
   (You found it on level 2 of the Dungeon)

   Stlth:     It makes you more stealthy.
 b - a +8 shortbow of flaming
 c - a +2 dagger of venom (weapon) {!f =f}
 h - a +0 mace of protection
 w - a +1 rapier of electrocution
 y - a +4 spear of flaming {!f =f}
 J - the +8 hand axe of Indomitability {drain, rC- Int+8 Dex+4, !f =f}
   (You found it on level 6 of the Dungeon)

   Int:       It affects your intelligence (+8).
   Dex:       It affects your dexterity (+4).
   rC:        It makes you vulnerable to cold.
 Y - a +0 scimitar of holy wrath
Missiles
 l - 2 atropa-tipped darts
 E - 20 poisoned darts (quivered)
Armour
 n - a +1 leather armour of cold resistance
 u - a +1 leather armour of willpower
 v - a +0 pair of gloves (worn)
 D - a +2 scale mail of fire resistance (worn)
 I - a scarf of shadows
 P - a +0 pair of boots (worn)
 R - a +0 troll leather armour
 T - a +1 cloak (worn)
 X - a +2 leather armour of fire resistance
Magical Staves
 U - a staff of fire
Jewellery
 d - a ring of magical power
 g - a ring of wizardry (left hand)
 k - a ring of resist corrosion
 G - a ring of poison resistance (right hand)
 H - an amulet of regeneration (around neck)
 V - a +6 ring of strength
Wands
 j - a wand of paralysis (2)
 B - a wand of roots (23)
 C - a wand of flame (6)
 W - a wand of quicksilver (4)
Scrolls
 e - 3 scrolls of fear
 o - 3 scrolls of amnesia
 q - 4 scrolls of immolation
 x - 2 scrolls of poison
 M - 2 scrolls of silence
 N - 2 scrolls of enchant armour
 O - a scroll of torment
 Q - 8 scrolls of identify
 Z - a scroll of acquirement
Potions
 f - 2 potions of degeneration {unknown}
 i - 3 potions of brilliance
 m - 4 potions of might
 p - 3 potions of ambrosia
 s - a potion of heal wounds
 t - a potion of magic
 z - a potion of cancellation
 A - 4 potions of lignification
 F - 2 potions of resistance
 K - a potion of flight
 L - 3 potions of curing
 S - a potion of mutation


   Skills:
 + Level 10.2 Fighting
 - Level 3.0 Maces & Flails
 - Level 5.0 Ranged Weapons
 + Level 2.5 Armour
 + Level 3.0 Dodging
 - Level 12.0 Stealth
 + Level 11.2 Spellcasting
 + Level 9.5 Conjurations
 + Level 0.7 Necromancy
 + Level 2.7 Translocations
 - Level 5.0 Transmutations
 + Level 5.3 Fire Magic
 - Level 6.0 Ice Magic
 - Level 5.0 Air Magic
 - Level 4.0 Poison Magic
 - Level 3.0 Evocations


You had 18 spell levels left.
You knew the following spells:

 Your Spells              Type           Power      Damage    Failure   Level
a - Poisonous Vapours     Pois/Air       46%        N/A       1%          2
b - Freeze                Ice            100%       1d10      1%          1
c - Static Discharge      Conj/Air       64%        2-5/arc   1%          2
d - Kindle Blastsparks    Fire/Tloc/Air  46%        2d13      1%          3
m - Mephitic Cloud        Conj/Pois/Air  28%        N/A       1%          3
p - Apportation           Tloc           34%        N/A       3%          1
u - Sublimation of Blood  Necr           11%        N/A       13%         2
I - Ignite Poison         Fire/Tmut/Pois 24%        N/A       1%          3

Your spell library contained the following spells:

 Spells                   Type           Power      Damage    Failure   Level
 Iskenderun's Mystic Bla  Conj/Tloc      28%        2d7       2%          4
 Kiss of Death            Conj/Necr      100%       2d13      1%          1
 Dazzling Flash           Conj/Hex       48%        N/A       1%          3
 Wereblood                Tmut           24%        N/A       2%          2
 Cigotuvi's Dreadful Rot  Necr/Pois/Air  38%        N/A       4%          2
 Arcjolt                  Conj/Air       16%        1d26      4%          5
 Lightning Bolt           Conj/Air       16%        1d30      4%          5
 Vhi's Electric Charge    Tloc/Air       42%        N/A       7%          3
 Necrotise                Necr           44%        1d6       9%          1
 Summon Small Mammal      Summ           32%        N/A       12%         1
 Yara's Violent Unravell  Hex/Tmut       8%         3d5       28%         5
 Confusing Touch          Hex            8%         N/A       32%         3
 Dispel Undead            Necr           11%        3d9       61%         4
 Silence                  Hex/Air        8%         N/A       71%         5
 Agony                    Necr           11%        N/A       90%         5
 Enfeeble                 Hex            4%         N/A       100%        7
 Malign Gateway           Summ/Tloc      6%         N/A       100%        7
 Summon Hydra             Summ           4%         N/A       100%        7
 Summon Horrible Things   Summ           4%         N/A       100%        8


Dungeon Overview and Level Annotations

Branches:
Dungeon (15/15)            Temple (1/1) D:7            Lair (5/5) D:8
  Swamp (1/4) Lair:2        Snake (0/4) Lair:3        Slime (0/5) Lair:5
    Orc (2/2) D:11            Elf (1/3) Orc:2        Depths (0/4) D:15
 Vaults: D:13-14

Altars:
Ashenzari
Elyvilon
Fedhas
Makhleb
Ru
Sif Muna
Trog
Vehumet
Wu Jian
Xom
Zin

Shops:
D:1 =((!(   D:11 ([   Orc:1 ([?   Orc:2 (:*[(

Annotations:
D:7 exclusion: downstairs
D:9 3 runed translucent doors, exclusion: downstairs, Tollund's ghost, novice MiGl
D:10 exclusions: downstairs and upstairs
D:11 exclusion: 2 downstairs
D:12 exclusions: 3 downstairs, slime creature and troll
D:13 exclusion: downstairs, Lodul; Snorg
D:14 exclusions: downstairs, sensed monster (detected), tengu warrior, 2 ugly things and upstairs
D:15 exclusions: cyclops, komodo dragon and 2 sensed monsters (detected)
Lair:1 exclusions: black mamba, bullfrog and downstairs
Lair:2 exclusion: 3 downstairs
Lair:3 Nessos
Lair:4 exclusions: upstairs and wyvern
Orc:1 1 transporter, 1 runed translucent door


Innate Abilities, Weirdness & Mutations

You cannot be hasted, slowed, berserked, paralysed or teleported.
You can dig through walls and to a lower floor.
You have a pair of large antennae on your head. (SInv)
Your four strong arms can wield two-handed weapons with a shield.


Message History

The moth of wrath's fur bristles in rage as it notices you.
You close the large door.
You feel sick.
You feel sick.
There is a transporter landing site, spattered with blood here.
You feel sick.
The moth of wrath's fur bristles in rage as it notices you.
You close the large door.
You feel sick.
You feel sick.
You are no longer poisoned.
There is a transporter landing site, spattered with blood here.
Things that are here:
a +1 great mace of venom; a +0 plate armour; a human skeleton You start resting.
HP restored.
You open the large door.
There is a large open door here.
The moth of wrath's fur bristles in rage as it notices you. 2 two-headed ogres come into view.
A moth of wrath comes into view.
Found a human skeleton.
The two-headed ogre misses you.
The two-headed ogre hits you with a +0 giant spiked club!
The moth of wrath goads the two-headed ogre on!
The two-headed ogre goes berserk!
You see here 14 gold pieces.
A troll comes into view.
The ettin hits you with a +0 dire flail of holy wrath!!!
The ettin closely misses you.
You see here 17 gold pieces.
Are you sure you want to shaft yourself?
The moth of wrath goads the ettin on!
The ettin goes berserk!
The moth of wrath goads the two-headed ogre on!
The two-headed ogre goes berserk!
The two-headed ogre barely misses you.
The two-headed ogre hits you with a +0 giant spiked club.
The two-headed ogre hits you with a +0 giant spiked club!
The two-headed ogre hits you with a +0 giant spiked club!!
* * * LOW HITPOINT WARNING * * *
The ettin barely misses you.
The ettin hits you with a +0 dire flail!!
You die...

##.#.............#..∩......#.#.....#.##
..##...................#...........###
...##...................#....#.##.##
..##..#..#....................[).##
.............................#.[[.#
...........######################)## #
...........# #..## # ........#.## ## ##
#...##### .....#.#### {O{ey#§ #......#.
......## ## #### #........ .......# { {
...{...## #........ .......#
#####.....T....## #........ .......## #y#
#..⌠..###...######........
#.......########.T..$#y#...#y#.........#.
#..###.##.....##...$$####++###.......####
....####......##..)?)###...##..........#.
...##..##....©##..}[_+W#!)©##©...........
...#..........##..)C:###...##............
....#..##.....##...$@####''###......###..
.......#.#######...OO#y#...#y#.......#...
..........##y#§#..⌠..###...######...###..
.........#######..........## #....###.
.........#.# #y#.........## ##....###
...........# ############# #....##
.........#.#


#eeeey#.# ##..## .......##..# ######### #### .......###.# ......).####
...[...#### ........#.## .).........# [<>........### .[.[..#......##
..............# ...[.........## ........#....# ............## You could see an
ettin (berserk), 2 two-headed ogres, a deep troll (asleep), 3 moths of wrath, a
silent spectre (silencing), 3 deep elf zephyrmancers and a troll.

Vanquished Creatures
  A hydra (D:12)
  2 boulder beetles
  5 orc high priests
  2 bog bodies (Lair:2)
  A glowing orange brain (D:9)
  4 orc knights
  3 deep elf pyromancers
  5 orc sorcerers
  5 ugly things
  Joseph (D:10)
  4 cane toads
  A yaktaur (D:13)
  A rime drake (Lair:2)
  A freezing wraith (D:15)
  3 komodo dragons
  2 tengu conjurers (D:15)
  A queen bee (D:12)
  2 meliai (D:12)
  5 trolls
  A polar bear (Lair:3)
  2 hornets
  5 blink frogs
  A shadow (D:11)
  3 vampires
  2 wyverns
  A wraith (D:14)
  30 yaks
  A steam dragon (D:6)
  A warg (D:11)
  5 water moccasins
  2 acid dragons
  38 orc warriors
  A sky beast (D:6)
  3 black bears
  2 ice beasts
  8 ogres
  4 centaurs
  3 wolves
  2 phantoms
  3 kobold brigands
  9 bullfrogs
  A gnoll sergeant (D:8)
  3 scorpions
  4 wights
  16 killer bees
  A howler monkey (D:9)
  3 quasits (D:4)
  2 jellies
  7 hounds
  23 orc priests
  3 gnoll boudas
  A sleepcap (D:8)
  30 orc wizards
  Terence (D:2)
  4 iguanas
  Natasha (thrice) (D:3)
  25 gnolls
  7 adders
  A white imp (D:5)
  2 worms
  2 dart slugs (D:1)
  109 orcs
  6 endoplasms
  4 giant cockroaches
  9 goblins
  8 hobgoblins
  6 jackals
  20 kobolds
  3 quokkas
  7 ball pythons
  3 bats (D:1)
  5 frilled lizards
  7 rats
502 creatures vanquished.

Vanquished Creatures (collateral kills)
  A hydra (D:15)
  A death knight (D:15)
  A wraith (D:15)
  A basilisk (D:12)
  3 killer bees
7 creatures vanquished.

Vanquished Creatures (others)
  A yaktaur (D:15)
  An orc (Orc:2)
  15 fungi
  100 plants
117 creatures vanquished.

Grand Total: 626 creatures vanquished

Notes
Turn   | Place    | Note
-------+----------+-------------------------------------------
     0 | D:5      | petzl the Formicid Delver began the quest for the Orb.
     0 | D:5      | Reached XP level 1. HP: 18/18 MP: 1/1
    45 | D:7      | Noticed a hound
    58 | D:7      | Noticed a black bear
   255 | D:4      | Noticed an ice beast
   290 | D:4      | Noticed a hound
   453 | D:4      | Reached skill level 1 in Spellcasting
   565 | D:4      | Reached XP level 2. HP: 24/24 MP: 2/4
   867 | D:5      | Noticed a centaur
  1098 | D:4      | Reached XP level 3. HP: 28/29 MP: 4/6
  1228 | D:3      | Reached XP level 4. HP: 34/35 MP: 9/9
  1308 | D:3      | Found a blossoming altar of Fedhas.
  1665 | D:2      | Found a blossoming altar of Fedhas.
  1760 | D:3      | Reached XP level 5. HP: 29/41 MP: 11/11
  2047 | D:1      | Found Hiboir's Weapon Emporium.
  2243 | D:1      | Found Cearyecw's Antique Weapon Shop.
  2301 | D:1      | Found Ateti's Weapon Boutique.
  2381 | D:1      | Found Bonlagemn's Jewellery Shoppe.
  2532 | D:1      | Found Xomyratt's Distillery.
  3005 | D:2      | Learned a level 2 spell: Static Discharge
  3048 | D:2      | Identified the +6 mace of the Iron City of Dis {flame,
                  | Stlth+}
  3240 | D:1      | Bought a runed shortbow for 156 gold pieces
  3287 | D:2      | Noticed Terence
  3295 | D:2      | Killed Terence
  3474 | D:2      | Reached XP level 6. HP: 47/47 MP: 13/13
  3769 | D:3      | Reached skill level 1 in Ranged Weapons
  3769 | D:3      | Reached skill level 5 in Spellcasting
  3769 | D:3      | Reached skill level 1 in Conjurations
  3870 | D:3      | Noticed Natasha
  3904 | D:3      | You fall into a shaft and drop 1 floor!
  4051 | D:4      | Reached skill level 1 in Air Magic
  4183 | D:4      | Noticed an ogre
  4532 | D:3      | Killed Natasha
  4533 | D:3      | Reached XP level 7. HP: 49/52 MP: 14/14
  4657 | D:3      | Noticed Natasha
  4665 | D:3      | Killed Natasha
  5276 | D:3      | Found a blossoming altar of Fedhas.
  5568 | D:3      | Noticed Natasha
  5572 | D:3      | Killed Natasha
  5683 | D:4      | Learned a level 3 spell: Mephitic Cloud
  5686 | D:4      | Learned a level 2 spell: Poisonous Vapours
  5730 | D:4      | Reached skill level 1 in Poison Magic
  5915 | D:4      | You fall into a shaft and drop 3 floors!
  5926 | D:7      | Reached XP level 8. HP: 38/58 MP: 16/16
  6279 | D:4      | Found a white marble altar of Elyvilon.
  7007 | D:5      | You fall into a shaft and drop 2 floors!
  7185 | D:5      | Found an ornate altar of the Wu Jian Council.
  7598 | D:6      | Reached XP level 9. HP: 49/64 MP: 18/18
  7744 | D:6      | HP: 1/62 [gnoll/+0 whip (7)]
  7745 | D:6      | You fall into a shaft and drop 3 floors!
  8182 | D:8      | You fall into a shaft and drop 1 floor!
  8749 | D:7      | You fall into a shaft and drop 2 floors!
  8947 | D:7      | You fall into a shaft and drop 1 floor!
  9157 | D:8      | Reached skill level 1 in Evocations
  9287 | D:8      | HP: 3/64 [acid dragon (4)]
  9291 | D:8      | You fall into a shaft and drop 2 floors!
  9291 | D:10     | Entered Level 10 of the Dungeon
  9756 | D:10     | Found a shimmering blue altar of Sif Muna.
  9801 | D:10     | Noticed Joseph
  9854 | D:9      | Reached skill level 5 in Ranged Weapons
  9880 | D:9      | Found a runed translucent gate.
  9880 | D:9      | Found a runed translucent gate.
  9906 | D:9      | Noticed a glowing orange brain
  9907 | D:9      | Found a runed translucent gate.
  9943 | D:9      | Noticed a komodo dragon
  9968 | D:9      | Killed a komodo dragon
  9969 | D:9      | Reached XP level 10. HP: 71/71 MP: 14/20
 10100 | D:9      | Noticed a white ugly thing
 10101 | D:9      | Noticed a white ugly thing
 10101 | D:9      | Noticed a purple ugly thing
 10102 | D:9      | Noticed a white ugly thing
 10284 | D:9      | Reached skill level 7 in Stealth
 10461 | D:9      | Reached skill level 5 in Conjurations
 10854 | D:9      | Found a sacrificial altar of Ru.
 11648 | D:8      | Reached skill level 5 in Air Magic
 11697 | D:8      | Reached skill level 5 in Fighting
 11754 | D:7      | Found a staircase to the Ecumenical Temple.
 11763 | Temple   | Entered the Ecumenical Temple
 11812 | Temple   | Became a worshipper of Vehumet
 12355 | D:7      | Reached skill level 8 in Stealth
 12473 | D:6      | Identified the +8 hand axe of Indomitability {drain, rC-
                  | Int+8 Dex+4}
 12647 | D:6      | Reached * piety under Vehumet
 12647 | D:6      | Offered knowledge of Shock by Vehumet.
 12885 | D:6      | You fall into a shaft and drop 2 floors!
 13296 | D:1      | Bought a potion of flight for 39 gold pieces
 13296 | D:1      | Bought a potion of curing for 39 gold pieces
 13940 | D:6      | Reached XP level 11. HP: 79/80 MP: 23/23
 14342 | D:8      | Found a staircase to the Lair.
 14772 | D:10     | You fall into a shaft and drop 1 floor!
 14973 | D:11     | Found Elaluf's Weapon Shoppe.
 14973 | D:11     | Found a staircase to the Orcish Mines.
 14973 | D:11     | Found Piak's Armour Shoppe.
 15469 | D:10     | Found a broken altar of Ashenzari.
 15781 | D:11     | Reached skill level 9 in Stealth
 15949 | D:11     | Reached ** piety under Vehumet
 15953 | D:11     | Offered knowledge of Freeze by Vehumet.
 15962 | D:11     | Learned a level 1 spell: Freeze
 16065 | D:12     | Noticed a cyan ugly thing
 16076 | D:11     | You fall into a shaft and drop 2 floors!
 16122 | D:13     | Noticed an orc knight
 16150 | D:13     | Noticed a deep elf pyromancer
 16178 | D:13     | Noticed Snorg
 16193 | D:14     | Noticed a cyclops
 16204 | D:13     | Noticed a deep elf pyromancer
 16205 | D:13     | Noticed a five-headed hydra
 16245 | D:13     | Killed a deep elf pyromancer
 16246 | D:13     | Reached skill level 1 in Ice Magic
 16440 | D:11     | Killed a cyan ugly thing
 16655 | D:11     | Reached skill level 10 in Stealth
 16684 | D:11     | Found a shimmering altar of Xom.
 16828 | D:13     | Noticed Lodul
 16841 | D:13     | Noticed a manticore
 16967 | D:12     | Reached XP level 12. HP: 92/92 MP: 20/25
 17113 | D:12     | Noticed a skeletal warrior
 17131 | D:12     | Noticed a skeletal warrior
 17316 | D:10     | Offered knowledge of Kindle Blastsparks by Vehumet.
 17400 | D:10     | Killed Joseph
 17511 | D:9      | Learned a level 3 spell: Kindle Blastsparks
 17514 | D:9      | You fall into a shaft and drop 2 floors!
 17588 | D:9      | Killed a glowing orange brain
 17644 | D:9      | Reached skill level 1 in Fire Magic
 17647 | D:9      | You fall into a shaft and drop 3 floors!
 17930 | D:9      | Reached skill level 11 in Stealth
 17930 | D:9      | Reached skill level 10 in Spellcasting
 18014 | D:9      | Found a runed translucent gate.
 18014 | D:9      | Found a runed translucent gate.
 18017 | D:9      | Found a runed translucent gate.
 18017 | D:9      | Noticed an entropy weaver
 18019 | D:9      | Noticed Tollund's ghost (novice MiGl)
 18019 | D:9      | Noticed a cacodemon
 18027 | D:9      | an entropy weaver changed into a rime drake
 18218 | Lair:1   | Entered Level 1 of the Lair of Beasts
 19179 | Lair:2   | Reached *** piety under Vehumet
 19280 | Lair:2   | You fall into a shaft and drop 2 floors!
 19333 | Lair:4   | Noticed an eight-headed hydra
 19351 | Lair:4   | You fall into a shaft and drop 1 floor!
 19351 | Lair:5   | Entered Level 5 of the Lair of Beasts
 19483 | Lair:3   | Noticed a five-headed hydra
 19485 | Lair:3   | Noticed Nessos
 19741 | Lair:2   | Reached XP level 13. HP: 101/101 MP: 27/27
 19777 | Lair:2   | Offered knowledge of Ignite Poison by Vehumet.
 19778 | Lair:2   | Reached skill level 5 in Ice Magic
 19782 | Lair:2   | Learned a level 3 spell: Ignite Poison
 19919 | Lair:2   | Found a staircase to the Swamp.
 20237 | Lair:3   | Found a staircase to the Snake Pit.
 20259 | Swamp:1  | Entered Level 1 of the Swamp
 20324 | Lair:3   | Reached skill level 1 in Transmutations
 20553 | Orc:1    | Entered Level 1 of the Orcish Mines
 20553 | Orc:1    | Found Dimyl's Weapon Shop.
 20565 | D:11     | You fall into a shaft and drop 3 floors!
 20656 | D:15     | Entered Level 15 of the Dungeon
 21187 | D:13     | Noticed a vault guard
 21201 | D:13     | You fall into a shaft and drop 2 floors!
 21251 | D:15     | Noticed a five-headed hydra
 21261 | D:15     | Killed a five-headed hydra
 21270 | D:15     | Reached skill level 12 in Stealth
 21435 | D:14     | Learned a level 1 spell: Apportation
 21633 | D:13     | Noticed a five-headed hydra
 21682 | D:12     | Killed a five-headed hydra
 21871 | D:13     | Noticed a centaur warrior
 22157 | D:11     | Reached skill level 1 in Translocations
 22276 | Orc:1    | Reached **** piety under Vehumet
 22522 | Orc:1    | Found Moh Jirgh's Antique Armour Shoppe.
 22528 | Orc:1    | Offered knowledge of Inner Flame by Vehumet.
 22656 | Orc:1    | Found Odoth's Magic Scroll Shop.
 22784 | Orc:1    | Bought a scroll of acquirement for 832 gold pieces
 22784 | Orc:1    | Bought a scroll of identify for 32 gold pieces
 22784 | Orc:1    | Bought a scroll of identify for 32 gold pieces
 22792 | Orc:2    | Entered Level 2 of the Orcish Mines
 23014 | Orc:2    | Found Ofylligety's Weapon Shoppe.
 23050 | Orc:2    | Reached ***** piety under Vehumet
 23050 | Orc:2    | Offered knowledge of Iskenderun's Mystic Blast by Vehumet.
 23300 | Orc:1    | Noticed an ettin
 23303 | Orc:1    | Found a bloodstained altar of Trog.
 23303 | Orc:1    | Found the +8 Wrath of Trog {antimagic, *Rage Rampage}
 23411 | Orc:1    | Found a transporter.
 23892 | Orc:2    | Reached skill level 5 in Transmutations
 24031 | Orc:1    | Reached skill level 1 in Armour
 24154 | Orc:2    | Reached XP level 14. HP: 102/109 MP: 26/29
 24226 | Orc:2    | Reached skill level 5 in Fire Magic
 24416 | Orc:2    | Reached skill level 10 in Fighting
 24496 | Orc:2    | Found a staircase to the Elven Halls.
 24929 | Orc:2    | HP: 3/110 [sixfirhy[an orc high priest] (11)]
 25170 | Orc:2    | Noticed an orc warlord
 25280 | Orc:1    | You fall into a shaft and drop 1 floor!
 25483 | Orc:2    | Found Xaciakyn's General Store.
 25484 | Orc:2    | Found Pigrieh's Book Shoppe.
 25486 | Orc:2    | Found Eduwn's Antique Armour Emporium.
 25486 | Orc:2    | Found Wosa's Antique Weapon Emporium.
 25512 | Orc:2    | Bought a book of Blood for 420 gold pieces
 25515 | Orc:2    | Learned a level 2 spell: Sublimation of Blood
 25516 | Orc:2    | Bought a scroll of enchant weapon for 90 gold pieces
 25516 | Orc:2    | Bought a potion of curing for 36 gold pieces
 25529 | Orc:2    | Bought an embroidered cloak for 277 gold pieces
 25698 | Elf:1    | Entered Level 1 of the Elven Halls
 25921 | Orc:1    | Found a transporter.
 25921 | Orc:1    | Found a runed translucent door.
 25948 | Orc:1    | Noticed a deep elf elementalist
 25954 | Orc:1    | You fall into a shaft and drop 1 floor!
 26168 | Orc:1    | Demolished by an ettin

Illustrated notes

Levels and vault maps discovered:
D:1:      amcnicky_arrival_blooded_trapdoor, layout_basic, serial_shops, shop,
          nicolae_shop_stone, shop, nicolae_shop_statue_plus, shop
D:2:      kennysheep_six_static_rooms, layout_basic, basic_altar, uniq_terence
D:3:      layout_basic, fedhas_altar_2, nrook_mini_backslash, uniq_natasha
D:4:      cheibrodos_quashed, layout_basic, elyvilon_altar_3
D:5:      layout_basic, lemuel_doored_altar
D:6:      layout_cave_pods, grunt_ministairs_13
D:7:      layout_basic, minmay_temple_entry_glassed_door,
          kennysheep_decorative_pillar, amcnicky_mini_pool_small
D:8:      nicolae_cairo_tiling_large_dashed, layout_basic,
          grunt_lair_entry_orc_guard_hut
D:9:      layout_stronghold, nicolae_ru_the_path_less_chosen,
          ploomutoo_gammafunk_ghost_potion_laboratory,
          amcnicky_mini_corridor_feature, chequers_serial_rivers_small_b
D:10:     layout_big_octagon, ashenzari_altar_1, nicolae_sif_muna_condensation,
          uniq_joseph
D:11:     layout_roguey, orc_david_3, xom_teletrap_fun
D:12:     layout_loops_corners, gauntlet_entry_generic, minivault_7
D:13:     layout_irregular_city, grunt_vaults_entry_fortified, serial_bayou,
          serial_bayou_lake_a, serial_bayou_ford_a, serial_bayou_lagoon_b,
          serial_bayou_pond_d, serial_shops, nicolae_inconvenience_store,
          chequers_arboretum, uniq_rupert, uniq_snorg, uniq_lodul
D:14:     layout_gridville, special_room [special_room_mythical_zoo]
D:15:     gammafunk_enter_depths_forms, layout_loops_ring,
          minmay_misc_feat_encased
Temple:   nicolae_temple_slightly_damp_pantheon
Lair:1:   layout_regular_city, grunt_megastairs_1
Lair:2:   layout_big_grid, skrybe_swamp_entry_bodies
Lair:3:   layout_misc_corridors, guppyfry_snake_entry_garden,
          grunt_forest_stairs_clearing, uniq_gastronok, uniq_nessos
Lair:4:   layout_roguey, beast_lair_carwin_8
Lair:5:   minmay_lair_end_frog_pond, layout_hall_layers,
          dpeg_slime_entry_enclosed, st_stairs_3
Swamp:1:  layout_falls_marsh, evilmike_swamp_ruin_rubble_2
Orc:1:    emtedronai_trogs_sanctum, layout_caves, serial_shops, shop, shop,
          nicolae_shop_waterfront
Orc:2:    st_orc_congregation, layout_caves, serial_shops, nicolae_shop_trees,
          nicolae_orc_lava_room
Elf:1:    eino_elf_arrival_sip, layout_geoelf_diagonals, orc_legates,
          hangedman_decor_cross_pass, grunt_megastairs_5, uniq_agnes

Skill      XL: |  1  2  3  4  5  6  7  8  9 10 11 12 13 14 |
---------------+-------------------------------------------+-----
Spellcasting   | 1 2 3 4 5 6 7 8 9 10 11 | 11.2
Ranged Weapons | 1 2 4 5 |  5.0
Conjurations   | 1 2 3 4 5 7 8 9 |  9.5
Air Magic      | 1 2 3 4 5 |  5.0
Poison Magic   | 1 4 |  4.0
Evocations     | 2 3 |  3.0
Fighting       | 5 7 9 10 | 10.2
Maces & Flails | 3 |  3.0
Stealth        | 8 10 11 12 | 12.0
Ice Magic      | 2 4 6 |  6.0
Fire Magic     | 3 4 5 |  5.3
Transmutations | 5 |  5.0
Translocations | 2 |  2.7
Dodging        | 2 3 |  3.0
Armour         | 1 2 |  2.5
Necromancy     | |  0.7

Action                     |  1- 3 |  4- 6 |  7- 9 | 10-12 | 13-15 || total
---------------------------+-------+-------+-------+-------+-------++-------
  Melee: Mace              |    38 |   181 |   139 |   104 |   123 ||   585
         Punch             |     1 |       |     2 |       |     2 ||     5
         Dagger            |       |       |       |    33 |    18 ||    51
         Rapier            |       |       |       |    10 |     3 ||    13
         Hand axe          |       |       |       |     4 |       ||     4
   Fire: Shortbow          |       |    69 |   173 |   514 |   257 ||  1013
  Throw: Dart              |     6 |    18 |     2 |       |       ||    26
         Throwing net      |       |       |     3 |       |       ||     3
   Cast: Mephitic Cloud    |       |       |    16 |   159 |   194 ||   369
         Poisonous Vapours |       |       |     1 |       |       ||     1
         Ignite Poison     |       |       |       |       |    71 ||    71
Ability: Dig               |       |     1 |       |     4 |     6 ||    11
         Shaft Self        |       |     1 |     7 |     7 |     5 ||    20
  Evoke: Wand              |     1 |       |    18 |     8 |     9 ||    36
    Use: Potion            |       |     1 |     8 |     1 |     6 ||    16
         Scroll            |       |     2 |    13 |    10 |     5 ||    30
   Stab: Sleeping          |     1 |    15 |     1 |     1 |       ||    18
         Invisible         |     2 |     8 |       |       |       ||    10
         Paralysed         |       |       |     7 |     9 |     7 ||    23
         Confused          |       |       |     3 |    11 |    11 ||    25
         Held in net/web   |       |       |     2 |       |       ||     2
 Armour: Leather armour    |     7 |    47 |    61 |     4 |       ||   119
         Skin              |       |       |    34 |       |       ||    34
         Scale mail        |       |       |       |    70 |   111 ||   181
  Dodge: Dodged            |    28 |   117 |   153 |   138 |   169 ||   605

Table legend: (Time is in decaauts)
 A = Elapsed time spent in this place.
 B = Non-inter-level travel time spent in this place.
 C = Inter-level travel time spent in this place.
 D = Time resting spent in this place.
 E = Time spent auto-exploring this place.
 F = Levels seen in this place.
 G = Mean time per level.
                   A        B        C        D        E       F      G
               +--------+--------+--------+--------+--------+-----+--------+
         Total |  26737 |  24047 |   2690 |   5563 |   6349 |  25 | 1069.5 |
       Dungeon |  20480 |  18439 |   2041 |   4062 |   5190 |  15 | 1365.3 |
        Temple |     68 |     49 |     19 |      0 |     36 |   1 |   68.0 |
          Lair |   2299 |   1994 |    305 |    295 |    588 |   5 |  459.8 |
         Swamp |      5 |      5 |      0 |      0 |      0 |   1 |    5.0 |
  Orcish Mines |   3870 |   3546 |    324 |   1205 |    535 |   2 | 1935.0 |
   Elven Halls |     12 |     12 |      0 |      0 |      0 |   1 |   12.0 |
               +--------+--------+--------+--------+--------+-----+--------+

Top non-repeatable levels by time:
     D:9: 2837 daAuts
     D:3: 2435 daAuts
   Orc:1: 2058 daAuts
     D:8: 1848 daAuts
   Orc:2: 1812 daAuts
     D:5: 1790 daAuts
    D:11: 1727 daAuts
     D:4: 1526 daAuts
     D:7: 1360 daAuts
     D:6: 1279 daAuts
  Lair:2: 1220 daAuts
     D:1: 1127 daAuts
    D:12: 1113 daAuts
    D:10: 1075 daAuts
     D:2: 887 daAuts
